BSA
MADISON BOMBERS @ GREENVILLE 84S
03/07/2024
 
TOP OF THE 1ST
Madison Bombers batting - Pitching for Greenville 84s : LHP Mike Graves
Pitching: LHP Mike Graves
Batting: LHB Keith Tillman 0-0: Ground out 4-3 (Groundball, 4)
Batting: RHB Sergio Márquez 0-0: Ball
1-0: Ball
2-0: Called Strike
2-1: Called Strike
2-2: SINGLE (Groundball, 56D)
Batting: LHB Seung-chun Mun 0-0: Called Strike
0-1: Ball
1-1: Called Strike
1-2: Strikes out looking
Batting: LHB Sixto Cantú 0-0: Called Strike
0-1: Ball
1-1: Ball
2-1: SINGLE (Line Drive, 4M)
Sergio Márquez to second
Batting: SHB Michael McDonald 0-0: Ball
1-0: Ball
2-0: Ball
3-0: Base on Balls
Sergio Márquez to third
Sixto Cantú to second
Batting: LHB José Santos 0-0: Ground out U3 (Groundball, 3)
Top of the 1st over - 0 run(s), 2 hit(s), 0 error(s), 3 left on base; Madison 0 - Greenville 0
BOTTOM OF THE 1ST
Greenville 84s batting - Pitching for Madison Bombers : RHP Claudio Segura
Pitching: RHP Claudio Segura
Batting: RHB Carlos Torres 0-0: Ball
1-0: Ball
2-0: Foul Ball, location: 2F
2-1: Foul Ball, location: 2F
2-2: Ground out 4-3 (Groundball, 4)
Batting: LHB Chris Moore 0-0: Called Strike
0-1: Ball
1-1: Ball
2-1: Ball
3-1: Foul Ball, location: 2F
3-2: SOLO HOME RUN (Flyball, 9D), Distance : 395 ft
Batting: LHB Paco Rosas 0-0: Ball
1-0: Ball
2-0: Ground out 4-3 (Groundball, 4)
Batting: RHB Enzo Díaz 0-0: Foul Ball, location: 2F
0-1: Ball
1-1: Fly out, F7 (Flyball, 7D)
Bottom of the 1st over - 1 run(s), 1 hit(s), 0 error(s), 0 left on base; Madison 0 - Greenville 1
TOP OF THE 2ND
Madison Bombers batting - Pitching for Greenville 84s : LHP Mike Graves
Batting: SHB Derek Roach 0-0: Ball
1-0: Ball
2-0: Ground out 5-3 (Groundball, 5D)
Batting: LHB Robin Hill 0-0: Ball
1-0: SINGLE (Line Drive, 6MD)
Batting: RHB Edward Franks 0-0: Called Strike
Robin Hill steals 2nd base
0-1: Called Strike
0-2: Foul Ball, location: 2F
0-2: Foul Ball, location: 2F
0-2: Foul Ball, location: 2F
0-2: Strikes out swinging
Batting: LHB Keith Tillman 0-0: Ball
1-0: Ground out 3-1 (Groundball, 34)
Top of the 2nd over - 0 run(s), 1 hit(s), 0 error(s), 1 left on base; Madison 0 - Greenville 1
BOTTOM OF THE 2ND
Greenville 84s batting - Pitching for Madison Bombers : RHP Claudio Segura
Batting: LHB Jimmy Vickers 0-0: Ball
1-0: Ball
2-0: Called Strike
2-1: Fly out, F7 (Flyball, 7M)
Batting: LHB Kiyonaga Morita 0-0: Ball
1-0: Ball
2-0: Foul Ball, location: 2F
2-1: Foul Ball, location: 2F
2-2: Foul Ball, location: 2F
2-2: Strikes out looking
Batting: LHB Vicente Bueno 0-0: Ball
1-0: Foul Ball, location: 2F
1-1: Called Strike
1-2: Ball
2-2: Strikes out swinging
Bottom of the 2nd over - 0 run(s), 0 hit(s), 0 error(s), 0 left on base; Madison 0 - Greenville 1
TOP OF THE 3RD
Madison Bombers batting - Pitching for Greenville 84s : LHP Mike Graves
Batting: RHB Sergio Márquez 0-0: Foul Ball, location: 2F
0-1: Called Strike
0-2: Strikes out swinging
Batting: LHB Seung-chun Mun 0-0: Ball
1-0: Foul Ball, location: 2F
1-1: Ball
2-1: Called Strike
2-2: Ball
3-2: Strikes out looking
Batting: LHB Sixto Cantú 0-0: Called Strike
0-1: Ball
1-1: Ball
2-1: Foul Ball, location: 2F
2-2: Reached on error, E6 (Groundball, 6)
Batting: SHB Michael McDonald 0-0: Ball
1-0: Ball
2-0: Fly out, F4 (Popup, 4)
Top of the 3rd over - 0 run(s), 0 hit(s), 1 error(s), 1 left on base; Madison 0 - Greenville 1
BOTTOM OF THE 3RD
Greenville 84s batting - Pitching for Madison Bombers : RHP Claudio Segura
Batting: LHB Al Mills 0-0: Ball
1-0: Foul Ball, location: 2F
1-1: Called Strike
1-2: Ball
2-2: Ground out 4-3 (Groundball, 4)
Batting: LHB Brock Larsen 0-0: Called Strike
0-1: Ball
1-1: Ball
2-1: Foul Ball, location: 2F
2-2: Ball
3-2: Base on Balls
Batting: RHB Carlos Torres 0-0: Ball
1-0: Fielders Choice at 2nd, 5-4 (Groundball, 56)
Batting: LHB Chris Moore 0-0: Called Strike
0-1: Ball
Carlos Torres is caught stealing 2nd base
Bottom of the 3rd over - 0 run(s), 0 hit(s), 0 error(s), 0 left on base; Madison 0 - Greenville 1
TOP OF THE 4TH
Madison Bombers batting - Pitching for Greenville 84s : LHP Mike Graves
Batting: LHB José Santos 0-0: Fly out, F7 (Flyball, 78S)
Batting: SHB Derek Roach 0-0: Called Strike
0-1: Ground out 6-3 (Groundball, 6)
Batting: LHB Robin Hill 0-0: Ball
1-0: Ground out 1-3 (Groundball, 15)
Top of the 4th over - 0 run(s), 0 hit(s), 0 error(s), 0 left on base; Madison 0 - Greenville 1
BOTTOM OF THE 4TH
Greenville 84s batting - Pitching for Madison Bombers : RHP Claudio Segura
Batting: LHB Chris Moore 0-0: Ball
1-0: Swinging Strike
1-1: Swinging Strike
1-2: Ball
2-2: Foul Ball, location: 2F
2-2: SINGLE (Line Drive, 6D)
Batting: LHB Paco Rosas 0-0: Ball
1-0: Ball
2-0: Ball
3-0: Called Strike
3-1: Base on Balls
Chris Moore to second
Batting: RHB Enzo Díaz 0-0: Ball
1-0: Foul Ball, location: 2F
1-1: Foul Ball, location: 2F
1-2: Ball
2-2: Ground out 5-3 (Groundball, 56S)
Chris Moore to third
Paco Rosas to second
Batting: LHB Jimmy Vickers 0-0: Ball
1-0: Called Strike
1-1: Ground out 6-3 (Groundball, 6MS)
Chris Moore scores
Paco Rosas to third
Batting: LHB Kiyonaga Morita 0-0: Called Strike
0-1: Ball
1-1: Ball
2-1: Swinging Strike
2-2: SINGLE (Groundball, 34D)
Paco Rosas scores
Batting: LHB Vicente Bueno 0-0: Ball
1-0: Ball
2-0: SINGLE (Groundball, 5D)
Kiyonaga Morita to second
Batting: LHB Al Mills 0-0: Called Strike
0-1: Fly out, F6 (Popup, 5)
Bottom of the 4th over - 2 run(s), 3 hit(s), 0 error(s), 2 left on base; Madison 0 - Greenville 3
TOP OF THE 5TH
Madison Bombers batting - Pitching for Greenville 84s : LHP Mike Graves
Pitching: LHP Byung-ki Cho
Batting: RHB Edward Franks 0-0: Ball
1-0: Foul Ball, location: 2F
1-1: SINGLE (Line Drive, 8LS)
Batting: LHB Keith Tillman 0-0: Ground out 5-3 (Groundball, 5S)
Edward Franks to second
Batting: RHB Sergio Márquez 0-0: Called Strike
0-1: Fly out, F7 (Flyball, 78M)
Pitching: RHP Cooper Moore
Batting: LHB Seung-chun Mun 0-0: Fly out, F8 (Flyball, 8LXD)
Top of the 5th over - 0 run(s), 1 hit(s), 0 error(s), 1 left on base; Madison 0 - Greenville 3
BOTTOM OF THE 5TH
Greenville 84s batting - Pitching for Madison Bombers : RHP Claudio Segura
Pitching: RHP Jeong Pak
Batting: LHB Brock Larsen 0-0: Ball
1-0: Foul Ball, location: 2F
1-1: Fly out, F7 (Popup, 5DF)
Batting: RHB Carlos Torres 0-0: Ball
1-0: Ball
2-0: Ball
3-0: Called Strike
3-1: Called Strike
3-2: Foul Ball, location: 2F
3-2: Foul Ball, location: 2F
3-2: Foul Ball, location: 2F
3-2: Base on Balls
Batting: LHB Chris Moore 0-0: SINGLE (Line Drive, 34)
Carlos Torres to second
Batting: LHB Paco Rosas 0-0: Swinging Strike
0-1: DOUBLE (Flyball, 7LS)
Carlos Torres scores
Chris Moore to third
Batting: RHB Enzo Díaz 0-0: Called Strike
0-1: Ball
1-1: Foul Ball, location: 2F
1-2: Ball
2-2: Ball
3-2: Base on Balls
Batting: LHB Jimmy Vickers 0-0: Called Strike
0-1: Foul Ball, location: 2F
0-2: Ball
1-2: Ball
2-2: Strikes out swinging
Batting: LHB Kiyonaga Morita 0-0: Ball
1-0: Ball
2-0: Ball
3-0: Base on Balls
Chris Moore scores
Paco Rosas to third
Enzo Díaz to second
Batting: LHB Vicente Bueno 0-0: Called Strike
0-1: Ball
1-1: Foul Ball, location: 2F
1-2: Foul Ball, location: 2F
1-2: Foul Ball, location: 2F
1-2: Ball
2-2: Ball
Wild Pitch!
Paco Rosas scores
Enzo Díaz to third
Kiyonaga Morita to second
3-2: Foul Ball, location: 2F
3-2: Ground out 4-3 (Groundball, 4)
Bottom of the 5th over - 3 run(s), 2 hit(s), 0 error(s), 2 left on base; Madison 0 - Greenville 6
TOP OF THE 6TH
Madison Bombers batting - Pitching for Greenville 84s : RHP Cooper Moore
Batting: LHB Sixto Cantú 0-0: Fly out, F7 (Flyball, 7LM)
Batting: SHB Michael McDonald 0-0: Foul Ball, location: 2F
0-1: Called Strike
0-2: Strikes out swinging
Batting: LHB José Santos 0-0: Foul Ball, location: 2F
0-1: Ball
1-1: Ground out 4-3 (Groundball, 34)
Top of the 6th over - 0 run(s), 0 hit(s), 0 error(s), 0 left on base; Madison 0 - Greenville 6
BOTTOM OF THE 6TH
Greenville 84s batting - Pitching for Madison Bombers : RHP Jeong Pak
Pitching: RHP Jonas Malaret
Batting: LHB Al Mills 0-0: Ball
1-0: Ball
2-0: Called Strike
2-1: Ball
3-1: Base on Balls
Batting: LHB Brock Larsen 0-0: Ball
1-0: Ball
2-0: SINGLE (Line Drive, 7S)
Al Mills to second
Pinch Hitting: RHB Omar Castillo 0-0: SINGLE (Groundball, 56D)
Al Mills to third
Brock Larsen to second
Runner from 3rd tries for Home, SAFE, no throw or cutoff
Batting: LHB Chris Moore 0-0: Ball
1-0: Called Strike
1-1: Foul Ball, location: 2F
1-2: Foul Ball, location: 2F
1-2: Ball
2-2: Ball
3-2: Foul Ball, location: 2F
3-2: Base on Balls
Brock Larsen to third
Omar Castillo to second
Pinch Hitting: LHB George Wood 0-0: Called Strike
0-1: Foul Ball, location: 2F
0-2: Foul Ball, location: 2F
0-2: Ball
1-2: Ball
2-2: Foul Ball, location: 2F
2-2: Fielders Choice at 2nd, 3-6 (Groundball, 3)
Brock Larsen scores
Omar Castillo to third
Pinch Hitting: RHB Greg Handrahan 0-0: Foul Ball, location: 2F
0-1: Fly out, F8 (Line Drive, 8RD)
Runner from 3rd tags up, SCORES, no throw
Pitching: LHP José García
Batting: RHB Gustavo Ortíz 0-0: Called Strike
0-1: Ball
1-1: Called Strike
1-2: Ball
2-2: Fly out, F4 (Popup, 89S)
Bottom of the 6th over - 3 run(s), 2 hit(s), 0 error(s), 1 left on base; Madison 0 - Greenville 9
TOP OF THE 7TH
Madison Bombers batting - Pitching for Greenville 84s : RHP Cooper Moore
Now at 3B: George Wood
Now in CF: Greg Handrahan
Now in RF: Omar Castillo
Batting: SHB Derek Roach 0-0: Ball
1-0: Ball
2-0: Called Strike
2-1: Ball
3-1: Fly out, F9 (Flyball, 89S)
Batting: LHB Robin Hill 0-0: Ball
1-0: Ball
2-0: Swinging Strike
2-1: Fly out, F8 (Flyball, 8RM)
Batting: RHB Edward Franks 0-0: Foul Ball, location: 2F
0-1: Ground out 6-3 (Groundball, 6)
Top of the 7th over - 0 run(s), 0 hit(s), 0 error(s), 0 left on base; Madison 0 - Greenville 9
BOTTOM OF THE 7TH
Greenville 84s batting - Pitching for Madison Bombers : LHP José García
Pinch Hitting: RHB Sergio Rodríguez 0-0: Ball
1-0: Called Strike
1-1: Ball
2-1: Ball
3-1: Foul Ball, location: 2F
3-2: Base on Balls
Pinch Hitting: RHB Jesús Tisnado 0-0: Bunt - Flyout! F2
Pinch Hitting: SHB Gilberto Guzmán 0-0: Ball
1-0: Ball
2-0: Called Strike
2-1: Ball
3-1: Base on Balls
Sergio Rodríguez to second
Pinch Hitting: RHB Jorge Cisneros 0-0: Called Strike
0-1: Foul Ball, location: 2F
0-2: Ball
1-2: Foul Ball, location: 2F
1-2: Fly out, F4 (Popup, 4D)
Batting: RHB Omar Castillo 0-0: Ball
1-0: Foul Ball, location: 2F
1-1: Foul Ball, location: 2F
1-2: Foul Ball, location: 2F
1-2: Ball
2-2: Foul Ball, location: 2F
2-2: Foul Ball, location: 2F
2-2: Ball
3-2: Foul Ball, location: 2F
3-2: Fly out, F6 (Popup, 5F)
Bottom of the 7th over - 0 run(s), 0 hit(s), 0 error(s), 2 left on base; Madison 0 - Greenville 9
TOP OF THE 8TH
Madison Bombers batting - Pitching for Greenville 84s : RHP Cooper Moore
Pitching: RHP Pierre Deschênes
Now at 1B: Jesús Tisnado
Now at 2B: Jorge Cisneros
Now at SS: Kyung-bok Cho
Now in LF: Sergio Rodríguez
Pinch Hitting: RHB Vicente Aguirre 0-0: Ball
1-0: Swinging Strike
1-1: Foul Ball, location: 2F
1-2: Ball
2-2: Foul Ball, location: 2F
2-2: Strikes out swinging
Pinch Hitting: RHB Pablo Gonzáles 0-0: Ball
1-0: Swinging Strike
1-1: Ball
2-1: Called Strike
2-2: Ball
3-2: Foul Ball, location: 2F
3-2: Foul Ball, location: 2F
3-2: Foul Ball, location: 2F
3-2: Foul Ball, location: 2F
3-2: Strikes out looking
Pinch Hitting: LHB Avery Hopkins 0-0: Ball
1-0: Foul Ball, location: 2F
1-1: Swinging Strike
1-2: Strikes out swinging
Top of the 8th over - 0 run(s), 0 hit(s), 0 error(s), 0 left on base; Madison 0 - Greenville 9
BOTTOM OF THE 8TH
Greenville 84s batting - Pitching for Madison Bombers : LHP José García
Now at 3B: Bailey Ramsey
Now at SS: Quinton Martínez
Now in LF: Pablo Gonzáles
Batting: LHB Chris Moore 0-0: Ball
1-0: Ball
2-0: Ball
3-0: Base on Balls
Batting: LHB George Wood 0-0: Foul Ball, location: 2F
0-1: Foul Ball, location: 2F
0-2: SINGLE (Flyball, 4MD)
Chris Moore to second
Runner from 2nd tries for 3rd, SAFE, throw made to third
George Wood to second
Batting: RHB Greg Handrahan 0-0: Ball
1-0: Foul Ball, location: 2F
1-1: Foul Ball, location: 2F
1-2: Ball
2-2: Strikes out swinging
Batting: RHB Gustavo Ortíz 0-0: 3-RUN HOME RUN (Flyball, 89XD), Distance : 435 ft
Batting: RHB Sergio Rodríguez 0-0: Called Strike
0-1: Reached on error, E6 (Groundball, 6)
Batting: RHB Jesús Tisnado 0-0: Called Strike
0-1: SINGLE (Groundball, 6)
Sergio Rodríguez to second
Batting: RHB Kyung-bok Cho 0-0: Swinging Strike
0-1: Ball
1-1: Ball
Sergio Rodríguez steals 3rd base
Jesús Tisnado to second
2-1: SINGLE (Line Drive, 8LS)
Sergio Rodríguez scores
Jesús Tisnado to third
Runner from 3rd tries for Home, SAFE, throw made home
Pitching: LHP Tim Wilson
Batting: RHB Jorge Cisneros 0-0: Called Strike
0-1: Swinging Strike
0-2: Strikes out swinging
Batting: RHB Omar Castillo 0-0: Ball
1-0: Ball
2-0: Called Strike
2-1: Ball
3-1: Fielders Choice at 2nd, 5-4 (Groundball, 56)
Bottom of the 8th over - 5 run(s), 4 hit(s), 1 error(s), 0 left on base; Madison 0 - Greenville 14
TOP OF THE 9TH
Madison Bombers batting - Pitching for Greenville 84s : RHP Pierre Deschênes
Pinch Hitting: LHB John Latham 0-0: Ball
1-0: Fly out, F6 (Popup, 6)
Batting: RHB Miguel Hernández 0-0: Ground out 6-3 (Groundball, 6)
Batting: LHB José Santos 0-0: Ground out 3-1 (Groundball, 3)
Top of the 9th over - 0 run(s), 0 hit(s), 0 error(s), 0 left on base; Madison 0 - Greenville 14
This league is powered by Out of the Park Baseball, the baseball management simulation game for PC, Mac and Linux
Saturday, April 9th, 2016 - OOTP Baseball 16.8 Build 38